 Dungeon Crawl Stone Soup version 0.23-a0-78-gc252fe1 (webtiles) character file.

50 Amnesiac the Magician (level 3, -1/24 HPs)
             Began as a Mummy Air Elementalist on Aug 10, 2018.
             Slain by Eustachio
             ... wielding a +0 rapier of protection
              (3 damage)
             ... on level 5 of the Dungeon.
             The game lasted 00:02:39 (902 turns).

Amnesiac the Magician (Mummy Air Elementalist)       Turns: 902, Time: 00:02:40

Health: -1/24      AC:  2    Str: 11    XL:     3   Next: 55%
Magic:  0/7        EV: 12    Int: 15    God:
Gold:   0          SH:  0    Dex: 12    Spells: 7/8 levels left

rFire    x . .     SeeInvis .   a - +0 hunting sling
rCold    + . .     Gourm    .   (no shield)
rNeg     + + +     Faith    .   d - +0 robe
rPois    ∞         Spirit   .   (no helmet)
rElec    .         Reflect  .   (no cloak)
rCorr    .         Harm     .   (no gloves)
MR       .....                  (no boots)
Stlth    ++........             (no amulet)
HPRegen  0.08/turn              (no ring)
MPRegen  0.10/turn              (no ring)

@: no status effects
A: no food or potions, fire vulnerability, cold resistance 1, negative energy
resistance 3, torment resistance, unbreathing
a: no special abilities


You were on level 5 of the Dungeon.
You were not hungry.

You visited 1 branch of the dungeon, and saw 5 of its levels.

Inventory:

Hand Weapons
 a - a +0 hunting sling (weapon)
 b - a +0 mace
Missiles
 g - 45 stones (quivered)
Armour
 d - a +0 robe (worn)
Scrolls
 c - a scroll of blinking {!r, unknown}
 e - a scroll of enchant armour {!r, unknown}
 f - a scroll of enchant weapon {!r, unknown}
 h - a scroll of remove curse {!r}


   Skills:
 - Level 1.5 Dodging
 - Level 1.5 Stealth
 + Level 3.4 Spellcasting
 - Level 0.7 Conjurations
 * Level 3.4 Air Magic


You had 7 spell levels left.
You knew the following spells:

 Your Spells              Type           Power        Failure   Level  Hunger
a - Shock                 Conj/Air       #...         9%          1    N/A

Your spell library contained the following spells:

 Spells                   Type           Power        Failure   Level  Hunger
 Lightning Bolt           Conj/Air       #.........   92%         5    N/A
 Swiftness                Chrm/Air       #.......     14%         2    N/A
 Airstrike                Air            ##........   41%         4    N/A
 Static Discharge         Conj/Air       #.......     24%         3    N/A

Dungeon Overview and Level Annotations

Branches:
Dungeon (5/15)
 Temple: D:4-7

Altars:
Cheibriados

Annotations:
D:4 exclusion: worker ant
D:5 Eustachio


Innate Abilities, Weirdness & Mutations

You do not eat or drink.
Your flesh is vulnerable to fire.
You are immune to poison.
Your flesh is cold resistant. (rC+)
You are immune to negative energy. (rN+++)
You are immune to unholy pain and torment.
You can survive without breathing.


Message History

Aim: Eustachio, wielding a rapier of protection and wearing a leather armour The zap hits Eustachio.
Eustachio is lightly wounded.
Eustachio barely misses you.
Unknown command.
Press: ? - help, v - describe, . - travel
Here: Eustachio, wielding a rapier of protection and wearing a leather armour (lightly wounded)
The floor.
Unknown command.
Casting: Shock (safe; 9% risk of failure)
Confirm with . or Enter, or press ? or * to list all spells.
Aiming: Shock (safe; 9% risk of failure)
Press: ? - help, Shift-Dir - straight line, f/p - Eustachio
Aim: Eustachio, wielding a rapier of protection and wearing a leather armour (lightly wounded)
The zap hits Eustachio.
Eustachio is lightly wounded.
Unknown command.
Casting: Shock (safe; 9% risk of failure)
Confirm with . or Enter, or press ? or * to list all spells.
Aiming: Shock (safe; 9% risk of failure)
Press: ? - help, Shift-Dir - straight line, f/p - Eustachio
Aim: Eustachio, wielding a rapier of protection and wearing a leather armour (lightly wounded)
The zap misses Eustachio.
Eustachio hits you with a rapier of protection!
Unknown command.
Casting: Shock (safe; 9% risk of failure)
Confirm with . or Enter, or press ? or * to list all spells.
Aiming: Shock (safe; 9% risk of failure)
Press: ? - help, Shift-Dir - straight line, f/p - Eustachio
Aim: Eustachio, wielding a rapier of protection and wearing a leather armour (lightly wounded)
The zap hits Eustachio.
Eustachio appears unharmed.
Eustachio is lightly wounded.
Eustachio hits you with a rapier of protection!
* * * LOW HITPOINT WARNING * * *
Unknown command.
Casting: Shock (safe; 9% risk of failure)
Confirm with . or Enter, or press ? or * to list all spells.
Aiming: Shock (safe; 9% risk of failure)
Press: ? - help, Shift-Dir - straight line, f/p - Eustachio
Aim: Eustachio, wielding a rapier of protection and wearing a leather armour (lightly wounded)
The zap hits Eustachio.
Eustachio appears unharmed.
Eustachio is lightly wounded.
Eustachio hits you with a rapier of protection!
* * * LOW HITPOINT WARNING * * *
Unknown command.
Unknown command.
Casting: Shock (safe; 9% risk of failure)
Confirm with . or Enter, or press ? or * to list all spells.
Aiming: Shock (safe; 9% risk of failure)
Press: ? - help, Shift-Dir - straight line, f/p - Eustachio
Aim: Eustachio, wielding a rapier of protection and wearing a leather armour (lightly wounded)
The zap hits Eustachio.
Eustachio is lightly wounded.
Eustachio barely misses you.
Unknown command.
Casting: Shock (safe; 9% risk of failure)
Confirm with . or Enter, or press ? or * to list all spells.
Aiming: Shock (safe; 9% risk of failure)
Press: ? - help, Shift-Dir - straight line, f/p - Eustachio
Aim: Eustachio, wielding a rapier of protection and wearing a leather armour (lightly wounded)
The zap hits Eustachio.
Eustachio appears unharmed.
Eustachio is lightly wounded.
Eustachio hits you with a rapier of protection.
You die...

###
#@#
#@#
#.#
...
#.#
#.#
#.#
#.#


You could see Eustachio.

Vanquished Creatures
  A worker ant (D:4)
  An adder (D:3)
  An adder skeleton (D:4)
  2 leopard geckos (D:3)
  An orc (D:4)
  A bat (D:3)
  A giant cockroach (D:4)
  3 goblins
  A hobgoblin (D:3)
12 creatures vanquished.

Notes
Turn   | Place    | Note
-------+----------+-------------------------------------------
     0 | D:1      | Amnesiac the Mummy Air Elementalist began the quest for the Orb.
     0 | D:1      | Reached XP level 1. HP: 13/13 MP: 4/4
    39 | D:2      | Found a snail-covered altar of Cheibriados.
    71 | D:3      | Reached XP level 2. HP: 5/19 MP: 0/5
   349 | D:4      | Noticed Eustachio
   622 | D:5      | Entered Level 5 of the Dungeon
   659 | D:4      | Noticed a scorpion
   678 | D:4      | Reached XP level 3. HP: 7/24 MP: 0/7
   902 | D:5      | Slain by Eustachio

Vault maps used:
D:1:      dpeg_arrival_connections
D:2:      dancing_weapons_uskayaw, nicolae_overflow_hidden_temple, zin_statuary,
          first_ration
D:3:      grunt_temple_overflow_open, gammafunk_temple_overflow_wave
D:4:      nicolae_dithmenos_through_a_glass_darkly,
          minmay_temple_entry_butterflies, uniq_grinder, uniq_robin,
          uniq_eustachio
D:5:      basic_altar

Skill      XL: |  1  2 |
---------------+-------+-----
Air Magic      | 3 |  3.4
Spellcasting   | 3 |  3.4
Dodging        | |  1.5
Stealth        | |  1.5
Conjurations   | |  0.7

Action                   || total
-------------------------++-------
Melee: Mace              ||     5
 Cast: Shock             ||    38
  Use: Scroll            ||     1
Armor: Robe              ||     7
Dodge: Dodged            ||    28

Table legend:
 A = Non-vault XP
 B = Vault XP
 C = Vault XP percentage of total XP
 D = Non-vault monster count
 E = Vault monster count
 F = Vault count percentage of total count
 G = Total turns spent on level
                 A         B        C        D         E       F
            +---------+---------+-------+---------+---------+-------
      Total |      72 |       0 |   0.0 |      12 |       0 |   0.0
            +---------+---------+-------+---------+---------+-------
        D:1 |       2 |       0 |   0.0 |       1 |       0 |   0.0
        D:3 |      28 |       0 |   0.0 |       7 |       0 |   0.0
        D:4 |      42 |       0 |   0.0 |       4 |       0 |   0.0
            +---------+---------+-------+---------+---------+-------
